 Dungeon Crawl Stone Soup version 0.31-a0-1074-g0b22e4e0f1 (webtiles) character file.

Game seed: 7396814220400411253

237 bmb222 the Trooper (level 6, 0/67 HPs)
             Began as an Ogre Wanderer on Dec 1, 2023.
             Was an Initiate of Ashenzari.
             Splashed by a jelly's acid (7 damage)
             ... on level 4 of the Dungeon.
             The game lasted 00:02:49 (3242 turns).

bmb222 the Trooper (Ogre Wanderer)                  Turns: 3242, Time: 00:02:49

Health: 0/67       AC: -1    Str: 20    XL:     6   Next: 6%
Magic:  13/13      EV:  9    Int: 14    God:    Ashenzari [......]
Gold:   154        SH:  0    Dex:  6    Spells: 14/15 levels left

rFire   . . .        l - +5 club "Elitism of Ashenzari" {Comp, Self} (curse)
rCold   . . .        (no shield)
rNeg    . . .        c - +0 robe
rPois   .            (helmet restricted)
rElec   .            (no cloak)
rCorr   .            (gloves unavailable)
SInv    .            (boots unavailable)
Will    .....        (no amulet)
Stlth   +            (no ring)
HPRegen 0.31/turn    (no ring)
MPRegen 0.13/turn

%: no passive effects
@: corroded
A: large, unfitting armour, tough skin 1
a: Renounce Religion, Shatter the Chains


You were on level 4 of the Dungeon.
You worshipped Ashenzari.
Ashenzari was noncommittal.
You visited 1 branch of the dungeon, and saw 4 of its levels.

You collected 154 gold pieces.

Inventory:

Hand Weapons
 a - a +1 flail
 l - the cursed +5 club "Elitism of Ashenzari" (weapon) {Comp, Self}
   (You took it off Jessica on level 2 of the Dungeon)

   It has a curse which improves the following skills: Companions: Summonings
   and Necromancy.
   Introspection: Fighting and Spellcasting.
Armour
 c - a +0 robe (worn)
 n - an orb of energy
Jewellery
 e - a ring of ice
 i - a ring of ice
 o - a ring of ice
Wands
 m - a wand of paralysis (13)
Scrolls
 b - a scroll of fear
 d - 2 scrolls of revelation {unknown}
 f - 2 scrolls of immolation {unknown}
 g - 2 scrolls of fog {unknown}
 k - 2 scrolls of identify {unknown}
 p - a scroll of poison {unknown}
Potions
 h - a potion of curing {unknown}
 j - 2 potions of attraction {unknown}
 q - 2 potions of brilliance {unknown}


   Skills:
 * Level 5.6(6.0) Fighting
 * Level 4.5 Maces & Flails
 + Level 1.1 Dodging
 - Level 1.0 Stealth
 - Level 4.8(5.2) Spellcasting


You had 14 spell levels left.
You knew the following spells:

 Your Spells              Type           Power      Damage    Failure   Level
a - Freeze                Ice            12%        1d3       17%         1

Your spell library contained the following spells:

 Spells                   Type           Power      Damage    Failure   Level
 Apportation              Tloc           6%         N/A       17%         1
 Necrotise                Necr           12%        1d4       17%         1
 Summon Small Mammal      Summ           12%        N/A       17%         1
 Cigotuvi's Dreadful Rot  Necr/Pois/Air  6%         N/A       26%         2
 Frozen Ramparts          Ice            6%         1d1       45%         3
 Ignite Poison            Fire/Tmut/Pois 3%         N/A       45%         3
 Freezing Cloud           Conj/Ice/Air   1%         6-21      99%         5


Dungeon Overview and Level Annotations

Branches:
Dungeon (4/15)
 Temple: D:4-7

Altars:
Ashenzari
Fedhas
Makhleb
Okawaru
Trog
Xom
The Shining One

Shops:
D:1 ?


Innate Abilities, Weirdness & Mutations

You are too large for most types of armour.
You have tough skin. (AC +1)


Message History

You are too injured to fight recklessly!
You are too injured to fight recklessly!
You are too injured to fight recklessly!
You are too injured to fight recklessly!
You are too injured to fight recklessly!
You are too injured to fight recklessly!
You are too injured to fight recklessly!
You are too injured to fight recklessly!
You are too injured to fight recklessly!
You are too injured to fight recklessly!
You are too injured to fight recklessly!
You are too injured to fight recklessly!
You are too injured to fight recklessly!
You are too injured to fight recklessly!
You are too injured to fight recklessly!
You are too injured to fight recklessly!
You are too injured to fight recklessly!
You are too injured to fight recklessly!
You barely miss the jelly.
The jelly is severely wounded.
The giant cockroach closely misses you. The kobold misses you.
The jelly hits you.
* * * LOW HITPOINT WARNING * * *
You are splashed with acid.
* * * LOW HITPOINT WARNING * * *
The giant cockroach bites you.
* * * LOW HITPOINT WARNING * * *
The jelly completely misses you.
The kobold hits you with a +0 short sword.
* * * LOW HITPOINT WARNING * * *
You completely miss the jelly.
The jelly is severely wounded.
The giant cockroach bites you.
* * * LOW HITPOINT WARNING * * *
The kobold hits you with a +0 short sword.
* * * LOW HITPOINT WARNING * * *
The jelly hits you.
* * * LOW HITPOINT WARNING * * *
You are splashed with acid!
You die...

#. # #.# #.
###.##### #
##.##.......##..
#.............
#...........#
.......KB..# #
#...@J..# #.
###'#####
#.####.#######.
#>.............
#####..#.########
#_._#....##########
#...##.###.........
#...#.......#
##'##.#####.#


You could see a jelly, a giant cockroach and a kobold.

Vanquished Creatures
  A crimson imp (D:4)
  An orc priest (D:3)
  Jessica (D:2)
  An orc wizard (D:4)
  Natasha (twice) (D:2)
  An adder (D:3)
  2 worms
  A dart slug (D:2)
  6 orcs
  7 ball pythons
  4 bats
  6 endoplasms
  2 giant cockroaches (D:1)
  2 hobgoblins (D:2)
  2 quokkas (D:2)
  2 frilled lizards
  A goblin (D:2)
  9 kobolds
  3 rats
54 creatures vanquished.

Notes
Turn   | Place    | Note
-------+----------+-------------------------------------------
     0 | D:1      | bmb222 the Ogre Wanderer began the quest for the Orb.
     0 | D:1      | bmb222 set off with the following items: a +1 flail, a
                  | scroll of fear, a +0 robe; and the following spell
                  | memorised: Freeze; and the following spells available to
                  | memorise: Frozen Ramparts.
     0 | D:1      | Reached XP level 1. HP: 24/24 MP: 6/6
   169 | D:1      | Reached XP level 2. HP: 31/32 MP: 7/7
   175 | D:1      | Found Tyzoun's Magic Scroll Shop.
   879 | D:2      | Noticed Jessica
   881 | D:2      | Killed Jessica
   882 | D:2      | Reached XP level 3. HP: 34/41 MP: 9/9
   926 | D:2      | Found a blossoming altar of Fedhas.
  1169 | D:2      | Reached XP level 4. HP: 49/49 MP: 10/10
  1293 | D:2      | Reached skill level 5 in Fighting
  1438 | D:2      | Noticed Natasha
  1448 | D:2      | Killed Natasha
  1777 | D:2      | Noticed Natasha
  1782 | D:2      | Killed Natasha
  1783 | D:2      | Reached XP level 5. HP: 57/57 MP: 12/12
  2183 | D:3      | Found a broken altar of Ashenzari.
  2185 | D:3      | Found a glowing golden altar of the Shining One.
  2196 | D:3      | Became a worshipper of Ashenzari the Shackled
  2768 | D:3      | Found an iron altar of Okawaru.
  2768 | D:3      | Found a bloodstained altar of Trog.
  2996 | D:4      | Reached skill level 1 in Dodging
  3117 | D:4      | Found a shimmering altar of Xom.
  3118 | D:4      | Found a burning altar of Makhleb.
  3130 | D:4      | Reached XP level 6. HP: 42/67 MP: 13/13
  3242 | D:4      | Splashed by a jelly's acid

Illustrated notes

Levels and vault maps discovered:
D:1:      mrwooster_arrival_arrow, layout_basic, serial_shops, shop,
          hex_intersection
D:2:      minmay_skewed_foursquare, layout_loops_cross, basic_altar,
          chequers_big_river, columned_hall_lemuel, minmay_strange_pillars,
          uniq_natasha, uniq_jessica
D:3:      layout_loops_ring, chequers_temple_overflow_statue_of_worship,
          mainiacjoe_overflow_divided_tiny
D:4:      layout_basic, grunt_temple_overflow_champion_of_chaos,
          gammafunk_temple_of_torment, mainiacjoe_overflow_surrounded_room,
          lemuel_coloured_pillars_altar, dreamdust_mushroom_princess,
          minmay_manual_mares

Skill      XL: |  1  2  3  4  5 |
---------------+----------------+-----
Maces & Flails | 2 3 4 |  4.5
Fighting       | 5 |  5.6
Dodging        | 1 |  1.1
Stealth        | |  1.0
Spellcasting   | |  4.8

Action                     |  1- 3 |  4- 6 || total
---------------------------+-------+-------++-------
  Melee: Flail             |    59 |       ||    59
         Club              |    28 |   101 ||   129
 Invoke: Curse Item        |       |     1 ||     1
 Armour: Robe              |    67 |    65 ||   132
  Dodge: Dodged            |    40 |    52 ||    92

Table legend: (Time is in decaauts)
 A = Elapsed time spent in this place.
 B = Non-inter-level travel time spent in this place.
 C = Inter-level travel time spent in this place.
 D = Time resting spent in this place.
 E = Time spent auto-exploring this place.
 F = Levels seen in this place.
 G = Mean time per level.
                   A        B        C        D        E       F      G
               +--------+--------+--------+--------+--------+-----+--------+
         Total |   3280 |   3177 |    103 |      0 |   2747 |   4 |  820.0 |
       Dungeon |   3280 |   3177 |    103 |      0 |   2747 |   4 |  820.0 |
               +--------+--------+--------+--------+--------+-----+--------+

Top non-repeatable levels by time:
     D:2: 1352 daAuts
     D:3: 836 daAuts
     D:1: 824 daAuts
     D:4: 266 daAuts
